 Dungeon Crawl Stone Soup version 0.18-a0-1514-g6ed9364 (webtiles) character file.

56 Oddball22 the Conjurer (level 3, -3/21 HPs)
             Began as an Octopode Conjurer on Mar 6, 2016.
             Killed from afar by an orc wizard (5 damage)
             ... with a magic dart
             ... on level 3 of the Dungeon.
             The game lasted 00:04:36 (2229 turns).

Oddball22 the Conjurer (Octopode Conjurer)          Turns: 2229, Time: 00:04:36

Health: -3/21      AC:  1    Str:  7    XL:     3   Next: 97%
Magic:  2/7        EV:  7    Int: 18    God:
Gold:   158        SH:  0    Dex: 12    Spells: 2 memorised, 5 levels left

rFire  . . .     SeeInvis .     c - -2 hand axe (curse)
rCold  . . .     Gourm    .     (no shield)
rNeg   . . .     Faith    .     (helmet restricted)
rPois  .         Spirit   .     (no amulet)
rElec  .         Dismiss  .     (no ring)
rCorr  .         Reflect  .     (no ring)
SustAt .         Harm     .     (no ring)
MR     .....                    (no ring)
Stlth  +++.......               (no ring)
                                (no ring)
                                (no ring)
                                (no ring)

@: not resistant to hostile enchantments, fairly stealthy
A: almost no armour, amphibious, 8 rings, constrict 8, camouflage 1, gelatinous
body 1
a: no special abilities


You were on level 3 of the Dungeon.
You were not hungry.

You visited 1 branch of the dungeon, and saw 3 of its levels.

You collected 158 gold pieces.

Inventory:

Hand Weapons
 c - a cursed -2 hand axe (weapon)
 g - a +0 dagger of speed
Scrolls
 d - a scroll of blinking {unknown}
 e - a scroll of fog {unknown}
 h - a scroll of identify {unknown}
Potions
 f - a potion of haste {unknown}
 k - 2 potions of curing {unknown}
Books
 a - a book of Conjurations

   Spells                             Type                      Level
   a - Magic Dart                     Conjuration                  1
   b - Searing Ray                    Conjuration                  2
   c - Dazzling Spray                 Conjuration/Hexes            3
   d - Fulminant Prism                Conjuration/Hexes            4
   e - Iskenderun's Mystic Blast      Conjuration                  4
   f - Iskenderun's Battlesphere      Conjuration/Charms           5
Comestibles
 b - 3 bread rations
 i - a royal jelly
 j - 3 chunks of flesh
 l - a beef jerky


   Skills:
 - Level 2.0 Dodging
 - Level 2.6 Stealth
 * Level 3.3 Spellcasting
 + Level 4.4 Conjurations


You had 5 spell levels left.
You knew the following spells:

 Your Spells              Type           Power        Failure   Level  Hunger
a - Magic Dart            Conj           ###.         2%          1    None
b - Searing Ray           Conj           ###...       4%          2    ##.....


Dungeon Overview and Level Annotations

Branches:
Dungeon (3/15)

Altars:
Dithmenos
Okawaru
Trog


Innate Abilities, Weirdness & Mutations

You cannot wear most types of armour.
You are amphibious.
You can wear up to eight rings at the same time.
You can use your tentacles to constrict eight enemies at once.
Your skin changes colour to match your surroundings (Stealth).
Your rubbery body absorbs attacks (AC +1).


Message History

Press: ? - help, Shift-Dir - straight line, f - orc
Aim: an orc, wearing a chain mail The magic dart hits the orc.
The orc wizard casts a spell at you. You resist with significant effort.
The orc wizard gestures wildly while chanting.
The orc wizard seems to speed up.
The orc wizard casts a spell at you. The magic dart hits you!
The orc wizard gestures wildly while chanting.
The orc wizard blinks!
The orc wizard casts a spell.
The orc wizard blinks!
The orc wizard points at you and mumbles some strange words.
The magic dart hits you!
* * * LOW HITPOINT WARNING * * *
There is a stone staircase leading up here.
The orc wizard gestures at you while chanting.
The magic dart hits you!
You die...

#o.......#
#........#
#.......##
###.....#
#....o#
#...o.#
#####.#
#.....######.
#.###@.......
#....###.
#.##.# #.# .#
#.# # ... ###


You could see an orc wizard and an orc.

Vanquished Creatures
  An adder (D:2)
  A dart slug (D:1)
  3 bats (D:1)
  3 giant cockroaches
  12 goblins
  5 hobgoblins
  2 jackals (D:2)
  8 kobolds
  6 rats
41 creatures vanquished.

Notes
Turn   | Place    | Note
--------------------------------------------------------------
     0 | D:1      | Oddball22 the Octopode Conjurer began the quest for the Orb.
     0 | D:1      | Reached XP level 1. HP: 11/11 MP: 3/3
   334 | D:1      | Reached XP level 2. HP: 17/17 MP: 3/5
  1014 | D:2      | Learned a level 2 spell: Searing Ray
  1088 | D:2      | Reached XP level 3. HP: 18/21 MP: 7/7
  1188 | D:2      | Found a bloodstained altar of Trog.
  1911 | D:2      | Found a bloodstained altar of Trog.
  1911 | D:2      | Found a shadowy altar of Dithmenos.
  1912 | D:2      | Found an iron altar of Okawaru.
  2229 | D:3      | Killed from afar by an orc wizard

Vault maps used:
D:1:      scummos_arrival_star
D:2:      minitemple, first_bread, trog_hazing_becter
D:3:      kennysheep_six_static_rooms, yredelemnul_forgotten_temple_becter

Skill      XL: |  1  2  3 |
---------------+----------+-----
Spellcasting   | 3 |  3.3
Dodging        | |  2.0
Stealth        | |  2.6
Conjurations   | |  4.4

Action                   || total
-------------------------++-------
Melee: Hand axe          ||    35
 Cast: Magic Dart        ||    68
 Stab: Sleeping          ||     3
  Eat: Chunk             ||     4
